General information
			
			
        
        - name: BNet
 
        - type: Ladder team game (AT/RT)
 
        - host: Battle.net
 
        - saver: GoToYurup
 
        
map: Mur'gulOasis 
        - players: 8
 
        - length: 17:29
 
        - speed: Fast
 - version: 1.22 W3XP
 - replay type:  Public
 
» download(165 KB)
Players
        team 1 (loser) 
              
              
» 
Appeltje (
pink | 70 APM | 1225 actions | 17:28)
              
 3 Death Knight 
 2 Death Coil
 1 Unholy Aura
 2 Lich 
 1 Frost Nova
 1 Frost Armor
 
                » actions 
                
                | Assign group hotkey | 3 |  | 
| Basic commands | 3 |  | 
| Build / train | 45 |  | 
| Enter build submenu | 14 |  | 
| Enter hero's abilities submenu | 5 |  | 
| Give item / drop item | 1 |  | 
| Remove unit from queue | 2 |  | 
| Right click | 746 |  | 
| Select / deselect | 300 |  | 
| Select group hotkey | 45 |  | 
| Use ability | 61 |  | 
                1225 total
 » units 
                
                | Acolyte | 2 |  | 
| Ghoul | 1 |  | 
| Crypt Fiend | 11 |  | 
| Obsidian Statue | 6 |  | 
                20 total
 » upgrades
                
                | Unholy Strength | 1 |  | 
| Burrow | 1 |  | 
| Destroyer Form | 1 |  | 
| Web | 1 |  | 
                4 total
 » buildings
                
                | Graveyard | 1 |  | 
| Crypt | 1 |  | 
| Ziggurat | 5 |  | 
| Altar of Darkness | 1 |  | 
| Tomb of Relics | 1 |  | 
| Halls of the Dead | 1 |  | 
| Slaughterhouse | 2 |  | 
| Black Citadel | 1 |  | 
| Nerubian Tower | 1 |  | 
| Spirit Tower | 1 |  | 
                15 total
 » build order
                00:10 Graveyard
00:15 Crypt
00:34 Ziggurat
01:02 Altar of Darkness
02:01 Tomb of Relics
02:05 Ziggurat
03:19 Ziggurat
04:09 Halls of the Dead
07:13 Slaughterhouse
07:33 Ziggurat
07:46 Black Citadel
09:31 Slaughterhouse
09:33 Ziggurat
15:47 Nerubian Tower
16:17 Spirit Tower
» items
                
                | Rod of Necromancy | 1 |  | 
| Dust of Appearance | 2 |  | 
| Orb of Corruption | 1 |  | 
| Scroll of Town Portal | 2 |  | 
| Potion of Healing | 2 |  | 
                8 total
  
               
              
              
killer-mc (
yellow | 76 APM | 1316 actions | 17:21)
              
 3 Death Knight 
 2 Death Coil
 1 Unholy Aura
 4 Lich 
 2 Frost Nova
 2 Frost Armor
 
                » actions 
                
                | Assign group hotkey | 15 |  | 
| Basic commands | 2 |  | 
| Build / train | 54 |  | 
| Enter build submenu | 14 |  | 
| Enter hero's abilities submenu | 7 |  | 
| Give item / drop item | 3 |  | 
| Right click | 689 |  | 
| Select / deselect | 156 |  | 
| Select group hotkey | 329 |  | 
| Use ability | 47 |  | 
                1316 total
 » units 
                
                | Acolyte | 2 |  | 
| Ghoul | 7 |  | 
| Frost Wyrm | 17 |  | 
                26 total
 » upgrades
                
                | Creature Attack | 2 |  | 
| Ghoul Frenzy | 1 |  | 
| Freezing Breath | 1 |  | 
                4 total
 » buildings
                
                | Crypt | 1 |  | 
| Altar of Darkness | 1 |  | 
| Ziggurat | 6 |  | 
| Tomb of Relics | 1 |  | 
| Halls of the Dead | 1 |  | 
| Graveyard | 1 |  | 
| Black Citadel | 1 |  | 
| Sacrificial Pit | 1 |  | 
| Boneyard | 3 |  | 
                16 total
 » build order
                00:08 Crypt
00:14 Altar of Darkness
00:28 Ziggurat
00:48 Tomb of Relics
01:23 Ziggurat
03:06 Halls of the Dead
03:29 Graveyard
03:54 Ziggurat
05:27 Black Citadel
05:31 Sacrificial Pit
05:41 Ziggurat
07:58 Boneyard
07:59 Boneyard
08:02 Boneyard
08:56 Ziggurat
13:46 Ziggurat
» items
                
                | Dust of Appearance | 2 |  | 
| Orb of Corruption | 1 |  | 
| Scroll of Town Portal | 4 |  | 
| Potion of Healing | 1 |  | 
                8 total
  
               
              
              
Ra213 (
orange | 60 APM | 1050 actions | 17:26)
              
 4 Death Knight 
 2 Death Coil
 2 Unholy Aura
 3 Lich 
 2 Frost Nova
 1 Frost Armor
 
                » actions 
                
                | Assign group hotkey | 28 |  | 
| Basic commands | 16 |  | 
| Build / train | 47 |  | 
| Enter build submenu | 12 |  | 
| Enter hero's abilities submenu | 8 |  | 
| Right click | 381 |  | 
| Select / deselect | 242 |  | 
| Select group hotkey | 249 |  | 
| Use ability | 67 |  | 
                1050 total
 » units 
                
                | Acolyte | 2 |  | 
| Ghoul | 2 |  | 
| Crypt Fiend | 15 |  | 
| Obsidian Statue | 2 |  | 
| Abomination | 4 |  | 
                25 total
 » upgrades
                » buildings
                
                | Crypt | 1 |  | 
| Graveyard | 1 |  | 
| Ziggurat | 5 |  | 
| Altar of Darkness | 1 |  | 
| Tomb of Relics | 1 |  | 
| Nerubian Tower | 1 |  | 
| Halls of the Dead | 1 |  | 
| Spirit Tower | 2 |  | 
| Slaughterhouse | 2 |  | 
| Black Citadel | 1 |  | 
                16 total
 » build order
                00:10 Crypt
00:17 Graveyard
00:39 Ziggurat
00:56 Altar of Darkness
01:27 Tomb of Relics
02:04 Ziggurat
02:35 Nerubian Tower
03:58 Halls of the Dead
04:57 Ziggurat
05:09 Ziggurat
05:40 Spirit Tower
06:05 Spirit Tower
09:11 Ziggurat
09:47 Slaughterhouse
11:42 Black Citadel
13:31 Slaughterhouse
» items
                
                | Rod of Necromancy | 2 |  | 
| Dust of Appearance | 2 |  | 
| Scroll of Town Portal | 2 |  | 
| Potion of Healing | 1 |  | 
                7 total
  
               
              
              
» 
Sephiroth.Spawn (
red | 43 APM | 757 actions | 17:24)
              
 4 Archmage 
 2 Summon Water Elemental
 2 Brilliance Aura
 3 Mountain King 
 2 Storm Bolt
 1 Bash
 
                » actions 
                
                | Assign group hotkey | 9 |  | 
| Build / train | 49 |  | 
| Enter build submenu | 16 |  | 
| Enter hero's abilities submenu | 7 |  | 
| Give item / drop item | 1 |  | 
| Right click | 412 |  | 
| Select / deselect | 200 |  | 
| Select group hotkey | 10 |  | 
| Use ability | 53 |  | 
                757 total
 » units 
                
                | Peasant | 9 |  | 
| Footman | 4 |  | 
| Sorceress | 3 |  | 
| Priest | 5 |  | 
| Spell Breaker | 2 |  | 
| Rifleman | 2 |  | 
| Knight | 4 |  | 
                29 total
 » upgrades
                
                | Priest Training | 2 |  | 
| Animal War Training | 1 |  | 
                3 total
 » buildings
                
                | Altar of Kings | 1 |  | 
| Barracks | 1 |  | 
| Farm | 13 |  | 
| Keep | 1 |  | 
| Blacksmith | 1 |  | 
| Arcane Vault | 1 |  | 
| Castle | 1 |  | 
| Arcane Sanctum | 2 |  | 
| Lumber Mill | 1 |  | 
                22 total
 » build order
                00:08 Altar of Kings
00:12 Barracks
00:16 Farm
01:07 Farm
01:55 Farm
01:56 Farm
03:06 Keep
03:54 Blacksmith
04:16 Arcane Vault
04:20 Farm
04:20 Farm
05:43 Castle
05:47 Arcane Sanctum
05:48 Arcane Sanctum
08:13 Lumber Mill
08:20 Farm
09:09 Farm
09:11 Farm
09:11 Farm
12:38 Farm
13:25 Farm
14:25 Farm
» items
                
                | Scroll of Regeneration | 3 |  | 
| Scroll of Town Portal | 2 |  | 
| Potion of Healing | 1 |  | 
                6 total
  
               team 2 (winner) 
              
              
AlasPoorYorick (
blue | 94 APM | 1645 actions | 17:29)
              
 4 Death Knight 
 2 Death Coil
 2 Unholy Aura
 3 Lich 
 2 Frost Nova
 1 Dark Ritual
 2 Crypt Lord 
 1 Impale
 1 Carrion Beetles
 
                » actions 
                
                | Assign group hotkey | 21 |  | 
| Basic commands | 188 |  | 
| Build / train | 45 |  | 
| ESC pressed | 2 |  | 
| Enter build submenu | 12 |  | 
| Enter hero's abilities submenu | 9 |  | 
| Give item / drop item | 4 |  | 
| Right click | 700 |  | 
| Select / deselect | 253 |  | 
| Select group hotkey | 345 |  | 
| Use ability | 66 |  | 
                1645 total
 » units 
                
                | Acolyte | 2 |  | 
| Ghoul | 2 |  | 
| Crypt Fiend | 10 |  | 
| Obsidian Statue | 6 |  | 
                20 total
 » upgrades
                
                | Creature Attack | 3 |  | 
| Creature Carapace | 1 |  | 
| Web | 1 |  | 
| Destroyer Form | 1 |  | 
                6 total
 » buildings
                
                | Graveyard | 1 |  | 
| Crypt | 1 |  | 
| Altar of Darkness | 1 |  | 
| Ziggurat | 6 |  | 
| Tomb of Relics | 1 |  | 
| Nerubian Tower | 1 |  | 
| Halls of the Dead | 1 |  | 
| Slaughterhouse | 1 |  | 
| Black Citadel | 1 |  | 
| Sacrificial Pit | 1 |  | 
                15 total
 » build order
                00:08 Graveyard
00:19 Crypt
00:44 Altar of Darkness
00:58 Ziggurat
01:57 Tomb of Relics
02:07 Ziggurat
02:45 Nerubian Tower
04:38 Ziggurat
05:26 Ziggurat
05:41 Halls of the Dead
08:16 Slaughterhouse
08:19 Black Citadel
09:40 Ziggurat
09:41 Ziggurat
11:40 Sacrificial Pit
» items
                
                | Rod of Necromancy | 2 |  | 
| Scroll of Town Portal | 1 |  | 
| Orb of Corruption | 1 |  | 
                4 total
  
               
              
              
cumonyoface.cz (
green | 105 APM | 1834 actions | 17:29)
              
 5 Priestess of the Moon 
 3 Searing Arrows
 2 Trueshot Aura
 2 Keeper of the Grove 
 1 Entangling Roots
 1 Thorns Aura
 
                » actions 
                
                | Assign group hotkey | 21 |  | 
| Basic commands | 138 |  | 
| Build / train | 51 |  | 
| ESC pressed | 8 |  | 
| Enter build submenu | 14 |  | 
| Enter hero's abilities submenu | 7 |  | 
| Give item / drop item | 1 |  | 
| Right click | 995 |  | 
| Select / deselect | 369 |  | 
| Select group hotkey | 176 |  | 
| Use ability | 54 |  | 
                1834 total
 » units 
                » upgrades
                
                | Moon Armor | 1 |  | 
| Strength of the Moon | 1 |  | 
                2 total
 » buildings
                
                | Altar of Elders | 1 |  | 
| Moon Well | 5 |  | 
| Ancient of War | 3 |  | 
| Hunter's Hall | 1 |  | 
| Tree of Ages | 1 |  | 
| Ancient of Lore | 2 |  | 
| Ancient of Wonders | 1 |  | 
| Tree of Eternity | 1 |  | 
                15 total
 » build order
                00:06 Altar of Elders
00:08 Moon Well
01:27 Ancient of War
01:44 Hunter's Hall
02:04 Ancient of War
02:23 Ancient of War
02:36 Moon Well
04:54 Moon Well
08:19 Tree of Ages
08:27 Moon Well
11:45 Ancient of Lore
12:16 Ancient of Wonders
13:31 Ancient of Lore
16:52 Moon Well
17:10 Tree of Eternity
 
               
              
              
GoToYurup (
purple | 94 APM | 1639 actions | 17:29)
              
 3 Blademaster 
 1 Wind Walk
 2 Critical Strike
 4 Shadow Hunter 
 2 Healing Wave
 2 Hex
 
                » actions 
                
                | Assign group hotkey | 45 |  | 
| Basic commands | 14 |  | 
| Build / train | 55 |  | 
| Enter build submenu | 19 |  | 
| Enter hero's abilities submenu | 7 |  | 
| Give item / drop item | 1 |  | 
| Right click | 769 |  | 
| Select / deselect | 231 |  | 
| Select group hotkey | 440 |  | 
| Use ability | 58 |  | 
                1639 total
 » units 
                » upgrades
                
                | Berserker Strength | 1 |  | 
| Ranged Weapons | 3 |  | 
| Armor | 2 |  | 
                6 total
 » buildings
                
                | Altar of Storms | 1 |  | 
| Orc Burrow | 6 |  | 
| Barracks | 1 |  | 
| Stronghold | 1 |  | 
| Voodoo Lounge | 1 |  | 
| Beastiary | 2 |  | 
| War Mill | 1 |  | 
| Fortress | 3 |  | 
| Great Hall | 1 |  | 
| Watch Tower | 6 |  | 
                23 total
 » build order
                00:02 Altar of Storms
00:11 Orc Burrow
00:41 Barracks
01:28 Orc Burrow
03:16 Stronghold
05:14 Orc Burrow
05:15 Voodoo Lounge
05:57 Beastiary
05:58 Beastiary
06:57 Orc Burrow
06:59 War Mill
09:52 Fortress
09:53 Fortress
09:53 Fortress
10:55 Great Hall
10:59 Watch Tower
10:59 Watch Tower
12:47 Watch Tower
12:48 Watch Tower
12:49 Watch Tower
12:49 Watch Tower
14:37 Orc Burrow
14:44 Orc Burrow
» items
                
                | Scroll of Speed | 1 |  | 
| Healing Salve | 1 |  | 
| Lesser Clarity Potion | 1 |  | 
| Scroll of Town Portal | 2 |  | 
| Orb of Lightning | 1 |  | 
                6 total
  
               
              
              
» 
NUTSONYOCHIN.DE (
teal | 124 APM | 2161 actions | 17:29)
              
 4 Death Knight 
 2 Death Coil
 2 Unholy Aura
 3 Lich 
 2 Frost Nova
 1 Frost Armor
 
                » actions 
                
                | Assign group hotkey | 21 |  | 
| Basic commands | 96 |  | 
| Build / train | 39 |  | 
| ESC pressed | 2 |  | 
| Enter build submenu | 18 |  | 
| Enter hero's abilities submenu | 7 |  | 
| Give item / drop item | 2 |  | 
| Right click | 1134 |  | 
| Select / deselect | 174 |  | 
| Select group hotkey | 607 |  | 
| Use ability | 61 |  | 
                2161 total
 » units 
                
                | Acolyte | 4 |  | 
| Ghoul | 4 |  | 
| Crypt Fiend | 6 |  | 
| Frost Wyrm | 6 |  | 
                20 total
 » upgrades
                » buildings
                
                | Graveyard | 1 |  | 
| Crypt | 1 |  | 
| Ziggurat | 6 |  | 
| Altar of Darkness | 1 |  | 
| Tomb of Relics | 1 |  | 
| Halls of the Dead | 1 |  | 
| Nerubian Tower | 1 |  | 
| Black Citadel | 1 |  | 
| Sacrificial Pit | 2 |  | 
| Boneyard | 3 |  | 
                18 total
 » build order
                00:05 Graveyard
00:11 Crypt
00:14 Ziggurat
00:48 Altar of Darkness
01:38 Ziggurat
01:51 Tomb of Relics
04:04 Halls of the Dead
04:40 Ziggurat
04:54 Nerubian Tower
05:48 Ziggurat
06:19 Ziggurat
07:27 Black Citadel
07:59 Sacrificial Pit
09:19 Sacrificial Pit
10:27 Boneyard
10:28 Boneyard
10:31 Ziggurat
12:48 Boneyard
» items
                
                | Rod of Necromancy | 1 |  | 
| Dust of Appearance | 1 |  | 
| Scroll of Town Portal | 2 |  | 
| Orb of Corruption | 1 |  | 
| Potion of Healing | 1 |  | 
                6 total
  
                Chat log
          (00:26 / All) cumonyoface.cz: Parappa The Rappa
(00:33 / All) Ra213: dog rapps !
(00:36 / All) AlasPoorYorick: Fight With Honor And Have Excellent Manner
(00:46 / All) Ra213: and big balls
(00:50 / All) cumonyoface.cz: Onion Master
(00:55 / All) NUTSONYOCHIN.DE: kick punch its all in the mind...........
(00:59 / All) Sephiroth.Spawn: or as they say in spain... cohones
(01:07 / All) Ra213: if u wanna test how dou find
(01:09 / All) Appeltje: \
(01:16 / All) cumonyoface.cz: lol
(01:19 / All) Ra213: xD
(01:35 / All) cumonyoface.cz: if you wanna test me im sure you'll find
(01:39 / All) GoToYurup: Click on Warriv and choose "Go East".
(01:53 / All) GoToYurup: cos u just been promoted to act 2 playa
(01:59 / All) Ra213: yeah
(02:00 / All) cumonyoface.cz: the things ill teach ya are sure to beat ya
(02:13 / All) cumonyoface.cz: nevertheless to learn a lesson from teacher
(02:15 / All) Appeltje: and im just an apple
(02:20 / All) cumonyoface.cz: Now kick
(02:23 / All) GoToYurup: Geoffrey "Teacher"
(03:23 / All) NUTSONYOCHIN.DE: one sec pizz
(03:24 / All) NUTSONYOCHIN.DE: pizza
(03:25 / All) NUTSONYOCHIN.DE: hold on plz
(03:26 / All) cumonyoface.cz: no its for real
(03:27 / All) cumonyoface.cz: lol
(03:28 / All) AlasPoorYorick: Manner up please
(03:30 / All) NUTSONYOCHIN.DE: wait god one sec
(03:32 / All) Appeltje: eat pizza later xD
(03:33 / All) Sephiroth.Spawn: good for me... but i can't decide what teammates do
(03:34 / All) cumonyoface.cz: your a fag
(03:37 / All) NUTSONYOCHIN.DE: pizza is @ the door
(03:40 / Allies) NUTSONYOCHIN.DE: gonna eat later just have to BUY IT!!!!!!!!!!!!
(03:53 / All) Appeltje: what are u still doing here then just run man
(04:02 / All) NUTSONYOCHIN.DE: pause hold on
(04:04 / All) Sephiroth.Spawn: agreed
(04:16 / Allies) cumonyoface.cz: lol
(04:18 / All) cumonyoface.cz: LMAO
(04:24 / All) cumonyoface.cz: dam
(04:50 / All) cumonyoface.cz: rofl
(04:57 / All) cumonyoface.cz: Dam u guys suck
(05:02 / All) Ra213: ujustluck
(05:22 / All) cumonyoface.cz: luck is not me
(05:25 / All) cumonyoface.cz: killing 2 dks
(05:26 / All) cumonyoface.cz: lol
(05:56 / All) cumonyoface.cz: manner
(05:59 / All) cumonyoface.cz: in the future
(06:00 / All) cumonyoface.cz: plz
(17:23 / All) GoToYurup: gg
(17:26 / All) GoToYurup: SHITNOOBS